 Seeded DCSS version 0.26.1-11-gd32895ea62 (webtiles) character file.

Game seed: 14312971244143280349 (custom seed)

1148 Zeld the Covert (level 8, -24/40 HPs)
             Began as a Spriggan Brigand on June 10, 2021.
             Was a Follower of Qazlal.
             Annihilated by an ogre
             ... wielding a +0 giant club
              (29 damage)
             ... on level 5 of the Dungeon.
             The game lasted 00:12:37 (13580 turns).

Zeld the Covert (Spriggan Brigand)                 Turns: 13580, Time: 00:12:37

Health: -24/40     AC:  3    Str:  7    XL:     8   Next: 15%
Magic:  7/9        EV: 17    Int: 13    God:    Qazlal [*.....]
Gold:   180        SH:  1    Dex: 19    Spells: 6/7 levels left

rFire    . . .     SeeInvis +   a - +5 dagger
rCold    . . .     Faith    .   (shield restricted)
rNeg     . . .     Spirit   .   b - +0 robe
rPois    .         Reflect  .   (helmet restricted)
rElec    .         Harm     .   c - +0 cloak
rCorr    .         Rampage  .   (gloves unavailable)
Will     +....                  (boots unavailable)
Stlth    ++........             (no amulet)
HPRegen  0.13/turn              (no ring)
MPRegen  0.11/turn              (no ring)

@: lethally poisoned (-24 -> -25), very slightly contaminated, slow
A: very small, unfitting armour, see invisible, speed 3
a: Renounce Religion


You were on level 5 of the Dungeon.
You worshipped Qazlal.
Qazlal was aware of your devotion.
You visited 1 branch of the dungeon, and saw 5 of its levels.
You also visited: Ossuary.

You collected 180 gold pieces.

Inventory:

Hand Weapons
 a - a +5 dagger (weapon)
Missiles
 d - 24 poisoned darts (quivered)
 e - 2 curare-tipped darts
Armour
 b - a +0 robe (worn)
 c - a +0 cloak (worn)
Wands
 x - a wand of acid (5)
Scrolls
 f - 8 scrolls of teleportation
 i - 4 scrolls of remove curse
 o - 2 scrolls of fear
 p - a scroll of blinking
 u - a scroll of enchant armour
Potions
 g - a potion of resistance {unknown}
 h - 2 potions of attraction {unknown}
 k - 2 potions of flight {unknown}
 l - 2 potions of mutation {unknown}
 m - a potion of berserk rage {unknown}
 q - a potion of invisibility {unknown}
 s - 2 potions of curing {unknown}
 t - a potion of might {unknown}
 v - a potion of cancellation {unknown}
 w - a potion of heal wounds {unknown}


   Skills:
 + Level 3.5 Fighting
 * Level 6.5 Short Blades
 * Level 5.8 Throwing
 - Level 1.5 Dodging
 + Level 8.5 Stealth


You had 6 spell levels left.
You knew the following spells:

 Your Spells              Type           Power        Failure   Level
a - Summon Small Mammal   Summ           0%           30%         1

Your spell library contained the following spells:

 Spells                   Type           Power        Failure   Level
 Animate Skeleton         Necr           0%           30%         1
 Apportation              Tloc           0%           30%         1
 Corona                   Hex            0%           30%         1


Dungeon Overview and Level Annotations

Branches:
Dungeon (5/15)            Ossuary (visited)
 Temple: D:4-7

Altars:
Cheibriados
Gozag
Hepliaklqana
Kikubaaqudgha
Makhleb
Nemelex Xobeh
Qazlal
Ru
Sif Muna
Vehumet
Xom

Annotations:
D:3 exclusion: 2 killer bees, Grinder


Innate Abilities, Weirdness & Mutations

You are very small and have problems with some larger weapons.
You are too small for most types of armour.
You have supernaturally acute eyesight. (SInv)
You cover ground extremely quickly.


Message History

Unknown command.
Your unstable footing causes you to fumble your attack.
The adder bites you but does no damage.
You hit the adder.
You kill the adder!
Qazlal accepts your kill. The ogre completely misses you.
You feel sick. The ogre misses you.
Casting: Summon Small Mammal (safe; 30% risk of failure)
Confirm with . or Enter, or press ? or * to list all spells.
You miscast Summon Small Mammal.
You are very lightly contaminated with residual magic.
Nothing appears to happen.
You feel sick.
Unknown command.
Casting: Summon Small Mammal (safe; 30% risk of failure)
Confirm with . or Enter, or press ? or * to list all spells.
The ogre hits you with a +0 giant club!!
Ouch! That really hurt!
You die...

#....# ..# #....#
...#. ###'## ...'.
#....#....#
#....#....#
#....'....#
#....#....#
##########...#....#
#≈.b@O≈≈≈≈.#'# ....
##########.........
..........
..........
.......##
...........
#........
....#####+##
+........ ...
#...... #####.....


You could see an ogre and a friendly bat (summoned).

Vanquished Creatures
  A black bear (D:5)
  The ghost of vvl the Firebug, an amateur HOFE of Beogh (D:4)
  4 elf zombies (Ossuary)
  A water moccasin skeleton (D:4)
  A howler monkey (D:4)
  5 centaur zombies (Ossuary)
  2 hounds
  3 human zombies (Ossuary)
  An iguana (D:4)
  Natasha (thrice) (D:1)
  A hound skeleton (D:4)
  3 mummies (Ossuary)
  10 adders
  An ufetubus (D:5)
  An ooze (D:3)
  A worm (D:3)
  2 leopard geckos (D:4)
  5 orcs (D:3)
  A ball python (D:1)
  5 bats
  5 giant cockroaches
  4 goblins
  3 hobgoblins
  A quokka (D:4)
  10 frilled lizards
  7 kobolds
  A leopard gecko skeleton (D:4)
  5 rats
88 creatures vanquished.

Vanquished Creatures (others)
  14 plants (D:3)
14 creatures vanquished.

Grand Total: 102 creatures vanquished

Notes
Turn   | Place    | Note
-------+----------+-------------------------------------------
     0 | D:1      | Zeld the Spriggan Brigand began the quest for the Orb.
     0 | D:1      | Reached XP level 1. HP: 10/10 MP: 2/2
   486 | D:1      | Reached XP level 2. HP: 12/15 MP: 3/3
   517 | D:1      | Reached skill level 6 in Stealth
  1132 | D:2      | Noticed Natasha
  1356 | D:2      | Reached XP level 3. HP: 18/18 MP: 4/4
  2102 | D:1      | Killed Natasha
  2795 | D:1      | Noticed Natasha
  3270 | D:1      | Killed Natasha
  3271 | D:1      | Reached XP level 4. HP: 8/23 MP: 5/5
  3820 | D:1      | Noticed Natasha
  3828 | D:1      | Killed Natasha
  3967 | D:2      | You fall into a shaft and drop 2 floors!
  3967 | D:4      | Found a sand-covered staircase.
  3971 | Ossuary  | Entered an ossuary
  4061 | Ossuary  | Reached XP level 5. HP: 14/26 MP: 6/6
  5362 | Ossuary  | Reached skill level 7 in Stealth
  5678 | Ossuary  | Reached XP level 6. HP: 32/32 MP: 7/7
  7034 | Ossuary  | Reached skill level 5 in Short Blades
  7667 | Ossuary  | Reached XP level 7. HP: 32/35 MP: 8/8
  8683 | D:4      | Reached skill level 5 in Throwing
  9364 | D:2      | Found a shimmering altar of Xom.
  9448 | D:2      | Found a stormy altar of Qazlal.
  9687 | D:2      | Became a worshipper of Qazlal Stormbringer
  9861 | D:3      | Found a snail-covered altar of Cheibriados.
  9861 | D:3      | Found a sacrificial altar of Ru.
  9862 | D:3      | Found a burning altar of Makhleb.
 10055 | D:3      | Noticed Grinder
 10712 | D:3      | Reached skill level 8 in Stealth
 11194 | D:3      | Found a radiant altar of Vehumet.
 11194 | D:3      | Found an opulent altar of Gozag.
 11203 | D:3      | Found a hazy altar of Hepliaklqana.
 11205 | D:3      | Found a sparkling altar of Nemelex Xobeh.
 11207 | D:3      | Found an ancient bone altar of Kikubaaqudgha.
 11272 | D:3      | Found a shimmering blue altar of Sif Muna.
 12280 | D:4      | Found a runed translucent gate.
 12280 | D:4      | Found a runed translucent gate.
 12280 | D:4      | Found a runed translucent gate.
 12285 | D:4      | Noticed vvl's ghost (amateur HOFE)
 12540 | D:4      | Killed vvl's ghost
 12541 | D:4      | Reached XP level 8. HP: 38/40 MP: 9/9
 12640 | D:5      | Entered Level 5 of the Dungeon
 12770 | D:5      | Reached * piety under Qazlal
 13213 | D:5      | Learned a level 1 spell: Summon Small Mammal
 13580 | D:5      | Annihilated by an ogre

Illustrated notes

Levels and vault maps discovered:
D:1:      evilmike_arrival_plus, layout_rooms
D:2:      layout_rooms, lemuel_crystal_altar, grunt_qazlal_sundering,
          roderic_serpentine_path, uniq_natasha
D:3:      wad_lake_hut, layout_loops_ring, gammafunk_temple_overflow_claw,
          chequers_temple_overflow_minitemple, st_stairs_5, led_sif_book,
          uniq_grinder
D:4:      layout_basic, enter_ossuary_1, gammafunk_ghost_necromancy
D:5:      layout_gridville, portal_sewer_entry_d

Skill      XL: |  1  2  3  4  5  6  7 |
---------------+----------------------+-----
Stealth        | 6 7 8 |  8.5
Fighting       | 2 3 |  3.5
Short Blades   | 3 4 5 6 |  6.5
Throwing       | 3 4 5 |  5.8
Dodging        | |  1.5

Action                   |  1- 3 |  4- 6 |  7- 9 || total
-------------------------+-------+-------+-------++-------
Melee: Dagger            |    81 |   176 |   263 ||   520
Throw: Dart              |     5 |     6 |     2 ||    13
 Cast: Summon Small Mamm |       |       |     5 ||     5
  Use: Scroll            |       |       |     7 ||     7
 Stab: Sleeping          |     4 |     1 |    17 ||    22
       Distracted        |       |     2 |     1 ||     3
Armor: Robe              |     8 |     9 |    12 ||    29
Dodge: Dodged            |    60 |    71 |   150 ||   281
Block: Other             |       |       |     1 ||     1
